 Dungeon Crawl Stone Soup version 0.20.1-1-g8b1a95d (webtiles) character file.

3284 Monsterracer the Geomancer (level 10, -7/58 HPs)
             Began as a Gargoyle Earth Elementalist on Oct 17, 2017.
             Was a Follower of Ashenzari.
             Mangled by kalagan's ghost (19 damage)
             ... on level 7 of the Dungeon.
             The game lasted 00:21:29 (8911 turns).

Monsterracer the Geomancer (GrEE)                   Turns: 8911, Time: 00:21:31

Health: -7/58      AC: 14    Str: 16    XL:     10   Next: 0%
Magic:  7/18       EV: 10    Int: 19    God:    Ashenzari [*.....]
Gold:   189        SH:  4    Dex: 10    Spells: 9/20 levels left

rFire    . . .     SeeInvis .   D - +1 morningstar (curse)
rCold    . . .     Gourm    .   B - +0 buckler (curse)
rNeg     + . .     Faith    .   C - -1 ring mail (curse)
rPois    ∞         Spirit   .   (no helmet)
rElec    +         Reflect  .   z - +0 cloak (curse)
rCorr    .         Harm     .   i - +1 pair of gloves (curse)
MR       .....                  (no boots)
Stlth    +.........             (no amulet)
Regen    0.2/turn               x - +4 ring of strength (curse)
MPRegen  0.2/turn               (no ring)

@: no status effects
A: negative energy resistance 1, electricity resistance, unbreathing,
petrification resistance, rot immunity, AC +7
a: Curse Item, Scrying, Renounce Religion


You were on level 7 of the Dungeon.
You worshipped Ashenzari.
Ashenzari was aware of your devotion.
You were very hungry.

You visited 2 branches of the dungeon, and saw 8 of its levels.

You collected 331 gold pieces.
You spent 142 gold pieces at shops.

Inventory:

Hand Weapons
 D - a cursed +1 morningstar (weapon)
Missiles
 w - 2 throwing nets (quivered)
 y - 231 stones
Armour
 c - a +2 large shield
 i - a cursed +1 pair of gloves (worn)
 z - a cursed +0 cloak (worn)
 A - a +2 scale mail of magic resistance
 B - a cursed +0 buckler (worn)
 C - a cursed -1 ring mail (worn)
Jewellery
 e - an uncursed ring of fire
 x - a cursed +4 ring of strength (left hand)
Wands
 t - a wand of digging (5/24)
Scrolls
 b - a scroll of remove curse
 h - 2 scrolls of immolation
 q - a scroll of recharging
 v - 2 scrolls of magic mapping
Potions
 g - a potion of cancellation
 j - a potion of might
 l - a potion of mutation {unknown}
 o - a potion of magic {unknown}
 p - 2 potions of heal wounds
 r - a potion of curing
 s - a potion of invisibility {unknown}
 u - a potion of flight {unknown}
Comestibles
 d - 7 bread rations
 k - 2 meat rations
 n - 2 fruits


   Skills:
 + Level 4.8 Fighting
 + Level 2.7 Maces & Flails
 + Level 0.2 Armour
 - Level 1.5 Dodging
 - Level 2.1 Stealth
 - Level 3.4 Shields
 + Level 5.8 Spellcasting
 + Level 6.0 Conjurations
 - Level 0.7 Transmutations
 * Level 11.0 Earth Magic


You had 9 spell levels left.
You knew the following spells:

 Your Spells              Type           Power        Failure   Level  Hunger
a - Sandblast             Erth           #####.       1%          1    None
b - Passwall              Tmut/Erth      ####......   3%          2    None
c - Stone Arrow           Conj/Erth      #####.       1%          3    ##.....
d - Lee's Rapid Deconstr  Erth           #####.....   7%          5    #####..


Dungeon Overview and Level Annotations

Branches:
Dungeon (7/15)             Temple (1/1) D:4

Altars:
Ashenzari
Cheibriados
Fedhas
Gozag
Hepliaklqana
Makhleb
Nemelex Xobeh
Okawaru
Ru
Sif Muna
Uskayaw
Vehumet
Xom
Yredelemnul
Zin
The Shining One

Shops:
D:4 ?

Annotations:
D:7 kalagan's ghost, novice HuFi


Innate Abilities, Weirdness & Mutations

You are resistant to torment.
Your stone body is resilient. (AC +7)
You are immune to poison.
You resist negative energy. (rN+)
You are resistant to electric shocks. (rElec)
You can survive without breathing.
You are immune to petrification.
You are immune to rotting.


Message History

Kalagan's ghost hits you!
* * * LOW HITPOINT WARNING * * *
Huge Dmg: -19%(-11hp) hp: 25%(14hp) Kalagan's ghost screams, "I have seen your future, and it is all used up."
Kalagan's ghost screams, "They lied to you.
The Dungeon just goes down and down forever."
Kalagan's ghost stares at you.
Casting: Sandblast
Confirm with . or Enter, or press ? or * to list all spells.
Aiming: Stone Arrow
Press: ? - help, Shift-Dir - straight line, f/p - kalagan's ghost
Aim: kalagan's ghost (severely damaged)
The stone arrow hits kalagan's ghost.
Kalagan's ghost is almost destroyed.
Kalagan's ghost hits you!
* * * LOW HITPOINT WARNING * * *
Huge Dmg: -29%(-17hp) hp: 9%(5hp)
There is a stone staircase leading up here.
Kalagan's ghost hits you but does no damage.
Press: ? - help, v - describe, . - travel
Here: kalagan's ghost (almost destroyed)
The floor.
Casting: Stone Arrow
Confirm with . or Enter, or press ? or * to list all spells.
Aiming: Stone Arrow
Press: ? - help, Shift-Dir - straight line, f/p - kalagan's ghost
Aim: kalagan's ghost (almost destroyed)
The stone arrow hits kalagan's ghost.
Kalagan's ghost is almost destroyed.
Kalagan's ghost hits you!!
You die...

#.###########
#.###########
#.#..........
#.#.#########
##########.#.#
#............#
#.#####.##[###########
#.# ##........[.......
#.###@#.#.....########
#.#.W.........#
#<#.#.#.#.....######
####.#.##...#.........#
#....#.###.###.######.#
#.####.# #.# #.# #.#
#.# ##.###.# #.# ##.##
#.###...##.# #.# #...#
#.##.....#.# #.# #.#.#


You could see kalagan's ghost.

Vanquished Creatures
  2 two-headed ogres
  Pikel (D:5)
  Purgy (D:3)
  A sky beast (D:5)
  An ogre (D:5)
  A phantom (D:7)
  A centaur (D:7)
  4 bullfrogs
  A gnoll sergeant (D:5)
  A scorpion (D:4)
  A crimson imp (D:5)
  A jelly (D:6)
  Crazy Yiuf (D:3)
  A hound (D:4)
  A bullfrog skeleton (D:4)
  2 orc priests (D:4)
  4 orc wizards
  2 iguanas
  4 worker ants
  A hound skeleton (D:4)
  A howler monkey skeleton (D:6)
  7 gnolls
  10 adders
  A shadow imp (D:7)
  3 oozes
  An adder skeleton (D:6)
  5 worms
  2 dart slugs
  2 leopard geckos
  14 orcs
  3 giant cockroaches
  5 goblins
  14 hobgoblins
  4 jackals (D:4)
  3 quokkas
  2 ball pythons (D:1)
  6 bats
  5 frilled lizards
  A jackal zombie (D:5)
  5 kobolds
  8 rats
134 creatures vanquished.

Vanquished Creatures (others)
  An ice beast (D:5)
  A slave (D:7)
  A worker ant (D:5)
3 creatures vanquished.

Grand Total: 137 creatures vanquished

Notes
Turn   | Place    | Note
-------+----------+-------------------------------------------
     0 | D:1      | Monsterracer the Gargoyle Earth Elementalist began the quest for the Orb.
     0 | D:1      | Reached XP level 1. HP: 10/10 MP: 3/3
   585 | D:1      | Reached XP level 2. HP: 11/15 MP: 3/5
   680 | D:1      | Reached skill level 4 in Earth Magic
   698 | D:1      | Learned a level 2 spell: Passwall
  1300 | D:2      | Reached XP level 3. HP: 12/19 MP: 4/6
  1346 | D:2      | Learned a level 3 spell: Stone Arrow
  1600 | D:2      | Reached skill level 5 in Earth Magic
  1852 | D:2      | Reached XP level 4. HP: 14/24 MP: 4/8
  1857 | D:2      | HP: 12/24 [worm (3)]
  2418 | D:3      | Found a sparkling altar of Nemelex Xobeh.
  2449 | D:3      | Found a snail-covered altar of Cheibriados.
  2832 | D:3      | HP: 12/24 [orc/trident (1)]
  2894 | D:3      | Reached XP level 5. HP: 20/28 MP: 1/9
  3020 | D:3      | Reached skill level 6 in Earth Magic
  3136 | D:3      | Noticed Purgy
  3149 | D:3      | Killed Purgy
  3149 | D:3      | Reached XP level 6. HP: 32/32 MP: 5/11
  3266 | D:3      | Found a sacrificial altar of Ru.
  3295 | D:3      | Found a runed door.
  3299 | D:3      | Noticed Crazy Yiuf
  3307 | D:3      | Killed Crazy Yiuf
  3307 | D:3      | Reached skill level 7 in Earth Magic
  3507 | D:4      | Found a basalt altar of Yredelemnul.
  3707 | D:4      | HP: 14/32 [iguana (7)]
  3720 | D:4      | Learned a level 5 spell: Lee's Rapid Deconstruction
  3934 | D:4      | Found a staircase to the Ecumenical Temple.
  3954 | Temple   | Entered the Ecumenical Temple
  4102 | Temple   | Became a worshipper of Ashenzari the Shackled
  4359 | D:4      | HP: 16/32 [orc/flail (2)]
  4622 | D:4      | Found a sparkling altar of Nemelex Xobeh.
  4746 | D:4      | Reached skill level 1 in Conjurations
  4748 | D:4      | Reached XP level 7. HP: 33/36 MP: 5/13
  4984 | D:4      | Found Ynozof's Magic Scroll Shop.
  5020 | D:4      | Bought a scroll of enchant armour for 97 gold pieces
  5021 | D:4      | Bought a scroll of magic mapping for 45 gold pieces
  5046 | D:5      | Entered Level 5 of the Dungeon
  5050 | D:5      | Reached skill level 8 in Earth Magic
  5236 | D:5      | Reached skill level 1 in Fighting
  5616 | D:5      | Noticed Pikel
  5632 | D:5      | Killed Pikel
  5632 | D:5      | Reached skill level 9 in Earth Magic
  5632 | D:5      | Reached XP level 8. HP: 37/45 MP: 4/15
  6469 | D:6      | Reached skill level 5 in Spellcasting
  6620 | D:6      | Reached * piety under Ashenzari
  6803 | D:6      | Reached skill level 5 in Conjurations
  6914 | D:6      | Reached skill level 1 in Shields
  6993 | D:6      | Noticed a two-headed ogre
  7000 | D:6      | HP: 11/46 [two-headed ogre/giant club (14)]
  7019 | D:6      | Killed a two-headed ogre
  7019 | D:6      | Reached skill level 1 in Maces & Flails
  7019 | D:6      | Reached skill level 10 in Earth Magic
  7019 | D:6      | Reached XP level 9. HP: 15/52 MP: 0/17
  8267 | D:7      | Noticed a two-headed ogre
  8274 | D:7      | Killed a two-headed ogre
  8274 | D:7      | Reached skill level 11 in Earth Magic
  8584 | D:7      | Found a deep blue altar of Sif Muna.
  8586 | D:7      | Reached XP level 10. HP: 52/58 MP: 7/18
  8779 | D:7      | Noticed kalagan's ghost (novice HuFi)
  8829 | D:7      | HP: 24/58 [kalagan's ghost (7)]
  8876 | D:7      | HP: 5/58 [kalagan's ghost (17)]
  8911 | D:7      | Mangled by kalagan's ghost

Skill      XL: |  1  2  3  4  5  6  7  8  9 |
---------------+----------------------------+-----
Earth Magic    | 4 5 6 7 9 10 11 | 11.0
Spellcasting   | 3 4 5 |  5.8
Conjurations   | 1 4 5 6 |  6.0
Fighting       | 2 3 4 |  4.8
Shields        | 2 3 |  3.4
Maces & Flails | 1 2 |  2.7
Armour         | |  0.2
Dodging        | |  1.5
Stealth        | |  2.1
Transmutations | |  0.7

Action                   |  1- 3 |  4- 6 |  7- 9 | 10-12 || total
-------------------------+-------+-------+-------+-------++-------
Melee: Hand axe          |    32 |       |       |       ||    32
       Unarmed           |     3 |       |       |       ||     3
       Short sword       |    80 |    80 |       |       ||   160
       Spear             |       |    22 |       |       ||    22
       Quarterstaff      |       |    68 |    63 |       ||   131
       Rapier            |       |     9 |       |       ||     9
       Flail             |       |       |    40 |       ||    40
       Morningstar       |       |       |    26 |     7 ||    33
 Cast: Sandblast         |     9 |    17 |     8 |     3 ||    37
       Stone Arrow       |       |     5 |    34 |    10 ||    49
       Lee's Rapid Decon |       |       |     5 |       ||     5
Invok: Curse Item        |       |     2 |     3 |       ||     5
  Use: Scroll            |       |     4 |     8 |       ||    12
 Stab: Sleeping          |     5 |     4 |     1 |       ||    10
       Distracted        |       |     1 |       |       ||     1
  Eat: Chunk             |     3 |     8 |    15 |       ||    26
       Fruit             |       |     1 |       |       ||     1
       Royal jelly       |       |       |     1 |       ||     1
Armor: Robe              |    48 |    56 |    25 |       ||   129
       Ring mail         |       |       |    41 |     4 ||    45
Dodge: Dodged            |   101 |   121 |    79 |     4 ||   305
Block: Buckler           |       |       |    20 |     2 ||    22

Vault maps used:
D:1:      saegor_arrival_simple_a
D:2:      first_bread
D:3:      kennysheep_slug_shrine, overflow_temple_1_default,
          lemuel_doored_altar, uniq_crazy_yiuf_cottage, uniq_purgy
D:4:      old_standard_altar, minmay_temple_entry_statues_pillars, serial_shops,
          nicolae_shop_window_shopping, nemelex_dance_club_becter
D:5:      lightli_minifort, uniq_pikel
D:7:      tgw_sif
Temple:   nicolae_temple_figure_eight
